 Dungeon Crawl Stone Soup version 0.30-a0-629-gd54f4be4f7 (webtiles) character file.

Game seed: 32824657396880243

133 Mitcholas the Shooter (level 4, -4/26 HPs)
             Began as a Deep Elf Hunter on Jan 12, 2023.
             Killed by divine providence
             ... invoked by an orc priest
              (17 damage)
             ... on level 4 of the Dungeon.
             The game lasted 00:01:41 (816 turns).

Mitcholas the Shooter (Deep Elf Hunter)              Turns: 816, Time: 00:01:41

Health: -4/26      AC:  3    Str:  8    XL:     4   Next: 94%
Magic:  6/6        EV: 13    Int: 14    God:
Gold:   60         SH:  0    Dex: 20    Spells: 3/3 levels left

rFire   . . .      SeeInvis .    a - +0 shortbow
rCold   . . .      Faith    .    (shield currently unavailable)
rNeg    . . .      Spirit   .    c - +0 leather armour
rPois   .          Reflect  .    (no helmet)
rElec   .          Harm     .    (no cloak)
rCorr   .          Rampage  .    (no gloves)
Will    .....                    (no boots)
Stlth   ++                       (no amulet)
HPRegen 0.24/turn                (no ring)
MPRegen 0.10/turn                (no ring)

@: no status effects
A: no striking features
a: no special abilities


You were on level 4 of the Dungeon.
You visited 1 branch of the dungeon, and saw 3 of its levels.

You collected 60 gold pieces.

Inventory:

Hand Weapons
 a - a +0 shortbow (weapon)
Armour
 c - a +0 leather armour (worn)
Scrolls
 b - a scroll of immolation
 d - a scroll of identify {unknown}
 e - 2 scrolls of amnesia {unknown}
 f - a scroll of vulnerability {unknown}
 i - a scroll of acquirement {unknown}
Potions
 g - a potion of resistance {unknown}
 h - 2 potions of brilliance {unknown}


   Skills:
 + Level 2.1 Fighting
 * Level 6.5 Ranged Weapons
 + Level 1.2 Armour
 + Level 3.2 Dodging
 + Level 2.7 Stealth


You had 3 spell levels left.
You didn't know any spells.
Your spell library was empty.

Dungeon Overview and Level Annotations

Branches:
Dungeon (4/15)
 Temple: D:4-7

Altars:


Message History

You hear a shout! x2
An orc comes into view. It is wielding a +0 club.
An orc priest comes into view. It is wielding a +0 short sword.
You shoot an arrow. The arrow hits the ogre.
The ogre is lightly wounded.
The orc priest mumbles some strange prayers to Beogh against you.
Beogh smites you!
Ouch! That really hurt!
You are too injured to fight recklessly!
You are too injured to fight recklessly!
You are too injured to fight recklessly!
You are too injured to fight recklessly!
You are too injured to fight recklessly!
You are too injured to fight recklessly!
You are too injured to fight recklessly!
You are too injured to fight recklessly!
You are too injured to fight recklessly!
You are too injured to fight recklessly!
You are too injured to fight recklessly!
You are too injured to fight recklessly!
You are too injured to fight recklessly!
You are too injured to fight recklessly!
You are too injured to fight recklessly!
You are too injured to fight recklessly!
You are too injured to fight recklessly!
You are too injured to fight recklessly!
You are too injured to fight recklessly!
You are too injured to fight recklessly!
You are too injured to fight recklessly!
You are too injured to fight recklessly!
You are too injured to fight recklessly!
You are too injured to fight recklessly!
You are too injured to fight recklessly!
You are too injured to fight recklessly!
You are too injured to fight recklessly!
There is a stone staircase leading down here.
The orc priest invokes the aid of Beogh against you.
Beogh smites you!
Ouch! That really hurt!
You die...

. ##...## .. ##.....#
#..######## #.......
.........###.......
###......##..>....
##.......#.....#
######.....#.......#
##o.#.o.................
...o).O@...######.......
.#....###### #.......
...## ##.....# # ##...##
#####


You could see an ogre, an orc priest and 2 orcs.

Vanquished Creatures
  A scorpion (D:2)
  Terence (D:2)
  An adder (D:2)
  A dart slug (D:2)
  An orc (D:4)
  A ball python (D:1)
  5 endoplasms
  2 giant cockroaches (D:2)
  2 goblins (D:1)
  5 hobgoblins
  2 kobolds
  2 quokkas (D:1)
  4 bats
  A frilled lizard (D:2)
  5 rats
34 creatures vanquished.

Notes
Turn   | Place    | Note
-------+----------+-------------------------------------------
     0 | D:1      | Mitcholas the Deep Elf Hunter began the quest for the Orb.
     0 | D:1      | Reached XP level 1. HP: 12/12 MP: 3/3
   131 | D:1      | Reached XP level 2. HP: 17/17 MP: 4/4
   514 | D:2      | Reached XP level 3. HP: 21/21 MP: 5/5
   649 | D:2      | Noticed Terence
   655 | D:2      | Killed Terence
   656 | D:2      | Reached skill level 6 in Ranged Weapons
   656 | D:2      | Reached skill level 1 in Armour
   656 | D:2      | Reached XP level 4. HP: 26/26 MP: 6/6
   674 | D:2      | Noticed a scorpion
   680 | D:2      | Killed a scorpion
   789 | D:2      | You fall into a shaft and drop 2 floors!
   812 | D:4      | Noticed an ogre
   816 | D:4      | Killed from afar by an orc priest

Illustrated notes

Levels and vault maps discovered:
D:1:      lightli_arrival_isolated_outpost, layout_rooms
D:2:      layout_basic, dk_noncrumbling_2, uniq_terence
D:4:      layout_rooms, mainiacjoe_overflow_large_starburst,
          minmay_temple_entry_trees, hangedman_abyss_or_decor_passed

Skill      XL: |  1  2  3  4 |
---------------+-------------+-----
Stealth        | 2 |  2.7
Ranged Weapons | 6 |  6.5
Armour         | 1 |  1.2
Dodging        | 3 |  3.2
Fighting       | 2 |  2.1

Action                   |  1- 3 |  4- 6 || total
-------------------------+-------+-------++-------
 Fire: Shortbow          |    76 |    12 ||    88
Armor: Leather armour    |     5 |       ||     5
Dodge: Dodged            |    13 |     3 ||    16

Table legend: (Time is in decaauts)
 A = Elapsed time spent in this place.
 B = Non-inter-level travel time spent in this place.
 C = Inter-level travel time spent in this place.
 D = Time resting spent in this place.
 E = Time spent auto-exploring this place.
 F = Levels seen in this place.
 G = Mean time per level.
                   A        B        C        D        E       F      G
               +--------+--------+--------+--------+--------+-----+--------+
         Total |    841 |    838 |      3 |      0 |    676 |   3 |  280.3 |
       Dungeon |    841 |    838 |      3 |      0 |    676 |   3 |  280.3 |
               +--------+--------+--------+--------+--------+-----+--------+

Top non-repeatable levels by time:
     D:1: 413 daAuts
     D:2: 400 daAuts
     D:4: 27 daAuts
